 Dungeon Crawl Stone Soup version 0.22-a0-512-g0943f25 (webtiles) character file.

3728 KristoblXynda the Grappler (level 9, 0/74 HPs)
             Began as a Troll Wizard on June 18, 2018.
             Was an Initiate of Ashenzari.
             Slain by Erica
             ... wielding a +3 scimitar of flaming
              (25 damage)
             ... on level 8 of the Dungeon.
             The game lasted 00:15:24 (6191 turns).

KristoblXynda the Grappler (Troll Wizard)           Turns: 6191, Time: 00:15:25

Health: 0/74       AC:  6    Str: 17    XL:     9   Next: 92%
Magic:  20/20      EV:  9    Int: 17    God:    Ashenzari [......]
Gold:   291        SH:  0    Dex:  8    Spells: 8/12 levels left

rFire    . . .     SeeInvis .     - Unarmed
rCold    . . .     Gourm    +   (no shield)
rNeg     . . .     Faith    .   a - +0 robe
rPois    +         Spirit   .   b - +0 hat
rElec    .         Reflect  .   E - +0 cloak (curse)
rCorr    .         Harm     .   (gloves unavailable)
MR       .....                  (boots unavailable)
Stlth    +.........             c - amulet of the acrobat
HPRegen  0.62/turn              y - ring of poison resistance (curse)
MPRegen  0.17/turn              i - ring of magical power

@: lethally poisoned (0 -> 0), slowed, very slow
A: large, unfitting armour, claws 3, fast metabolism 3, gourmand, regeneration
1, shaggy fur 1, tough skin 2
a: Curse Item, Renounce Religion


You were on level 8 of the Dungeon.
You worshipped Ashenzari.
Ashenzari was noncommittal.
You were very full.

You visited 2 branches of the dungeon, and saw 9 of its levels.

You collected 291 gold pieces.

Inventory:

Hand Weapons
 o - a +0 morningstar
 z - a +1 whip of electrocution
Armour
 a - a +0 robe (worn)
 b - a +0 hat (worn)
 E - a cursed +0 cloak (worn)
Jewellery
 c - an amulet of the acrobat (around neck)
 i - a ring of magical power (right claw)
 p - an uncursed amulet of guardian spirit
 u - a +2 amulet of reflection
 x - an uncursed ring of protection from fire
 y - a cursed ring of poison resistance (left claw)
Wands
 w - a wand of paralysis (16)
 B - a wand of digging (22)
Scrolls
 h - 4 scrolls of remove curse
 l - 2 scrolls of enchant armour {unknown}
 m - 2 scrolls of blinking {unknown}
 n - 2 scrolls of magic mapping
 q - a scroll of random uselessness {unknown}
 s - 3 scrolls of noise {unknown}
 t - 2 scrolls of teleportation {unknown}
 C - 2 scrolls of enchant weapon {unknown}
 D - 2 scrolls of identify
 F - a scroll of amnesia {unknown}
 H - a scroll of brand weapon {unknown}
Potions
 e - 2 potions of magic
 f - a potion of brilliance {unknown}
 g - a potion of might {unknown}
 j - 2 potions of cancellation
 k - a potion of heal wounds {unknown}
 r - a potion of haste
 v - a potion of curing
 A - 3 potions of lignification
Comestibles
 d - 16 rations
 G - 12 chunks of flesh


   Skills:
 - Level 1.5 Dodging
 - Level 1.0 Stealth
 + Level 10.0 Unarmed Combat
 - Level 2.0 Spellcasting
 + Level 7.7 Conjurations
   Level 0.6 Summonings
   Level 0.6 Translocations


You had 8 spell levels left.
You knew the following spells:

 Your Spells              Type           Power        Failure   Level  Hunger
a - Magic Dart            Conj           ####         1%          1    #......
b - Mephitic Cloud        Conj/Pois/Air  ##......     21%         3    ###....

Your spell library contained the following spells:

 Spells                   Type           Power        Failure   Level  Hunger
 Fireball                 Conj/Fire      ##........   73%         5    ######.
 Conjure Flame            Conj/Fire      ##......     12%         3    ###....
 Slow                     Hex            #.......     28%         2    ###....
 Throw Flame              Conj/Fire      ##....       6%          2    ###....
 Blink                    Tloc           N/A          22%         2    ###....
 Sticky Flame             Conj/Fire      ##......     36%         4    #####..
 Call Imp                 Summ           #.......     22%         2    ###....
 Flame Tongue             Conj/Fire      ##...        4%          1    #......
 Inner Flame              Hex/Fire       #.......     50%         3    ###....


Dungeon Overview and Level Annotations

Branches:
Dungeon (8/15)             Temple (1/1) D:6
   Lair: D:8-11

Altars:
Ashenzari
Cheibriados
Elyvilon
Fedhas
Gozag
Kikubaaqudgha
Makhleb
Okawaru
Ru
Sif Muna
Trog
Uskayaw
Vehumet
Wu Jian
Xom
Yredelemnul
Zin
The Shining One

Annotations:
D:6 3 runed doors, Toevvela's ghost, novice MfHu
D:8 Erica


Innate Abilities, Weirdness & Mutations

You are too large for most types of armour.
You have claws for hands.
Your metabolism is lightning-fast.
You like to eat raw meat.
Your natural rate of healing is unusually fast.
You are covered in fur. (AC +1)
You have very tough skin. (AC +2)


Message History

Confirm with . or Enter, or press ? or * to list all spells.
You can't see any susceptible monsters within range! (Use Z to cast anyway.) Unknown command.
You feel yourself slow down.
You see here 18 gold pieces.
You now have 291 gold pieces (gained 18).
You feel sick.
You feel sick.
You feel sick. Something barely misses you.
You feel sick. Something hits you! Something burns you.
There is a stone staircase leading up here.
Casting: Mephitic Cloud (safe; 21% risk of failure)
Confirm with . or Enter, or press ? or * to list all spells.
You can't see any susceptible monsters within range! (Use Z to cast anyway.) Evoke which item? (* to show all) (? for menu, Esc to quit)
Aiming: Paralyse
Press: ? - help, Shift-Dir - straight line Nothing appears to happen.
Something hits you!!
You die...

..... ..(......
.....
...?.....#.
#...##......#...
...........#.#
...........#
#.......>..
#.......#
####†.....#
#......{@.#
#........###
#........#..
#...........
#........###
#........#
##...###..#
#...# #...#
#.#........
###..# #


There were no monsters in sight!

Vanquished Creatures
  Pikel (D:4)
  A human (D:7)
  A yak (D:7)
  3 hogs (D:7)
  Menkaure (D:4)
  A water moccasin (D:8)
  4 slaves (D:4)
  2 orc warriors
  A phantom (D:5)
  3 centaurs
  2 ogres
  2 bullfrogs
  A water moccasin skeleton (D:2)
  3 scorpions
  8 wights
  2 howler monkeys (D:7)
  2 crimson imps
  A bullfrog zombie (D:6)
  4 orc priests
  A hound (D:7)
  A quasit (D:3)
  Crazy Yiuf (D:7)
  A centaur skeleton (D:5)
  3 iguanas
  2 orc wizards
  A bullfrog skeleton (D:4)
  Jessica (D:2)
  Natasha (thrice) (D:3)
  4 worker ants
  Ijyb (D:5)
  A howler monkey zombie (D:6)
  Robin (D:3)
  7 gnolls (D:3)
  A howler monkey skeleton (D:7)
  15 adders
  2 oozes (D:1)
  An adder skeleton (D:4)
  A worm (D:2)
  3 dart slugs
  5 leopard geckos
  16 orcs
  14 hobgoblins
  4 jackals (D:5)
  2 quokkas
  2 ball pythons
  7 bats
  12 goblins
  4 kobolds
  A leopard gecko zombie (D:5)
  8 rats
169 creatures vanquished.

Notes
Turn   | Place    | Note
-------+----------+-------------------------------------------
     0 | D:1      | KristoblXynda the Troll Wizard began the quest for the Orb.
     0 | D:1      | Reached XP level 1. HP: 16/16 MP: 2/2
   164 | D:1      | Reached skill level 1 in Conjurations
   192 | D:1      | Reached skill level 1 in Unarmed Combat
   204 | D:1      | Reached XP level 2. HP: 22/24 MP: 4/4
   524 | D:1      | Reached XP level 3. HP: 31/31 MP: 5/5
  1067 | D:2      | Noticed Jessica
  1075 | D:2      | Killed Jessica
  1075 | D:2      | Reached skill level 2 in Unarmed Combat
  1239 | D:2      | Learned a level 3 spell: Mephitic Cloud
  1259 | D:2      | Reached skill level 3 in Unarmed Combat
  1259 | D:2      | Reached XP level 4. HP: 38/39 MP: 6/6
  1516 | D:2      | Reached XP level 5. HP: 45/45 MP: 7/7
  2013 | D:3      | Noticed Natasha
  2015 | D:3      | Killed Natasha
  2050 | D:3      | Reached skill level 4 in Unarmed Combat
  2054 | D:3      | Reached XP level 6. HP: 31/53 MP: 8/8
  2060 | D:3      | Noticed Natasha
  2069 | D:3      | Killed Natasha
  2084 | D:3      | Noticed Robin
  2115 | D:3      | Killed Robin
  2222 | D:3      | Noticed Natasha
  2235 | D:3      | Killed Natasha
  2665 | D:4      | Reached skill level 5 in Unarmed Combat
  2665 | D:4      | Reached XP level 7. HP: 46/59 MP: 9/9
  2707 | D:4      | HP: 2/59 [wight/dire flail of freezing (1)]
  2876 | D:4      | Noticed Menkaure
  2887 | D:4      | Killed Menkaure
  2986 | D:4      | Found a white marble altar of Elyvilon.
  2986 | D:4      | Found a glowing silver altar of Zin.
  2987 | D:4      | Found a glowing golden altar of the Shining One.
  3015 | D:4      | Reached skill level 6 in Unarmed Combat
  3152 | D:4      | Noticed Pikel
  3227 | D:4      | Killed Pikel
  3227 | D:4      | Reached skill level 7 in Unarmed Combat
  3227 | D:4      | Reached skill level 5 in Conjurations
  3227 | D:4      | Reached XP level 8. HP: 22/67 MP: 1/10
  3474 | D:5      | Entered Level 5 of the Dungeon
  3779 | D:5      | Noticed Ijyb
  3784 | D:5      | Killed Ijyb
  4107 | D:5      | Reached skill level 8 in Unarmed Combat
  4435 | D:6      | Reached XP level 9. HP: 68/74 MP: 11/11
  4451 | D:6      | Found a staircase to the Ecumenical Temple.
  4612 | Temple   | Entered the Ecumenical Temple
  4653 | Temple   | Became a worshipper of Ashenzari the Shackled
  4987 | D:6      | Found a runed gate.
  4988 | D:6      | Found a runed gate.
  4991 | D:6      | Found a runed gate.
  5010 | D:6      | Noticed Toevvela's ghost (novice MfHu)
  5539 | D:7      | Reached skill level 9 in Unarmed Combat
  5658 | D:7      | Found a runed door.
  5751 | D:7      | Noticed Crazy Yiuf
  5764 | D:7      | Killed Crazy Yiuf
  6113 | D:8      | Reached skill level 10 in Unarmed Combat
  6181 | D:8      | Noticed Erica
  6191 | D:8      | Slain by Erica

Vault maps used:
D:1:      enne_arrival_octagon_isle, serial_bayou_pond_a, kennysheep_crisscross,
          minmay_misc_feat_chi
D:2:      first_ration, uniq_jessica
D:3:      uniq_natasha, uniq_robin
D:4:      good_gods_mini_temple, st_stairs_5, uniq_pikel, uniq_menkaure
D:5:      uniq_ijyb
D:6:      minmay_temple_entry_junction_2, gammafunk_ghost_necromancy,
          bh_walls_and_bars
D:7:      grunt_livestock, minmay_bent, uniq_crazy_yiuf_cottage
D:8:      serial_shops, nicolae_shop_behind_doors, uniq_erica
Temple:   regret_index_temple_waves

Skill      XL: |  1  2  3  4  5  6  7  8  9 |
---------------+----------------------------+-----
Conjurations   | 1 2 3 5 6 7 |  7.7
Unarmed Combat | 1 3 4 5 7 8 10 | 10.0
Dodging        | |  1.5
Stealth        | |  1.0
Spellcasting   | |  2.0
Summonings     | |  0.6
Translocations | |  0.6

Action                   |  1- 3 |  4- 6 |  7- 9 || total
-------------------------+-------+-------+-------++-------
Melee: Unarmed           |    98 |   186 |   382 ||   666
       Punch             |       |       |     9 ||     9
 Cast: Magic Dart        |       |     3 |     5 ||     8
       Mephitic Cloud    |       |       |    11 ||    11
Invok: Curse Item        |       |       |     1 ||     1
Evoke: Wand              |       |       |     1 ||     1
  Use: Scroll            |       |     3 |     5 ||     8
 Stab: Sleeping          |     2 |     1 |       ||     3
       Confused          |       |       |     7 ||     7
  Eat: Chunk             |    17 |    13 |    34 ||    64
Armor: Robe              |    47 |    60 |    81 ||   188
Dodge: Dodged            |    57 |   111 |   182 ||   350

Table legend:
 A = Spawn XP
 B = Non-spawn XP
 C = Spawn XP percentage of total XP
 D = Spawn monster count
 E = Non-spawn monster count
 F = Spawn count percentage of total count
 G = Total turns spent on level
                    A         B        C        D         E        F      G
               +---------+---------+-------+---------+---------+-------+---------
         Total |       0 |    5326 |   0.0 |       0 |     165 |   0.0 |  6191
               +---------+---------+-------+---------+---------+-------+---------
           D:1 |       0 |      52 |   0.0 |       0 |      25 |   0.0 |   982
           D:2 |       0 |     164 |   0.0 |       0 |      13 |   0.0 |   801
           D:3 |       0 |     338 |   0.0 |       0 |      37 |   0.0 |   650
           D:4 |       0 |    1393 |   0.0 |       0 |      20 |   0.0 |  1041
           D:5 |       0 |     734 |   0.0 |       0 |      24 |   0.0 |   812
           D:6 |       0 |     498 |   0.0 |       0 |      20 |   0.0 |   866
           D:7 |       0 |    1746 |   0.0 |       0 |      21 |   0.0 |   812
           D:8 |       0 |     401 |   0.0 |       0 |       5 |   0.0 |   107
               +---------+---------+-------+---------+---------+-------+---------
